 Dungeon Crawl Stone Soup version 0.27.1-4-g1640c2035a (webtiles) character file.

Game seed: 11852096633957435713

9 Goreval the Vexing (level 2, 0/22 HPs)
             Began as a Barachi Arcane Marksman on Oct 31, 2021.
             Slain by a jackal (1 damage)
             ... on level 1 of the Dungeon on Nov 12, 2021.
             The game lasted 00:03:27 (376 turns).

Goreval the Vexing (Barachi Arcane Marksman)         Turns: 376, Time: 00:03:28

Health: 0/22       AC:  2    Str: 11    XL:     2   Next: 16%
Magic:  3/3        EV: 12    Int: 13    God:
Gold:   13         SH:  0    Dex: 12    Spells: 2/3 levels left

rFire    . . .     SeeInvis .   (no weapon)
rCold    . . .     Faith    .   (no shield)
rNeg     . . .     Spirit   .   d - +0 robe
rPois    .         Reflect  .   (no helmet)
rElec    .         Harm     .   (no cloak)
rCorr    .         Rampage  .   (no gloves)
Will     .....                  (no boots)
Stlth    +.........             (no amulet)
HPRegen  0.07/turn              (no ring)
MPRegen  0.08/turn              (no ring)

@: slow
A: amphibious, slowness 1, strong legs 1, +LOS
a: Hop


You were on level 1 of the Dungeon.
You visited 1 branch of the dungeon, and saw 1 of its levels.

You collected 13 gold pieces.

Inventory:

Hand Weapons
 a - a +0 shortbow
Armour
 d - a +0 robe (worn)


   Skills:
 + Level 1.6 Fighting
 * Level 2.4 Bows
 + Level 2.4 Dodging
 - Level 1.1 Spellcasting
 - Level 3.2 Hexes


You had 2 spell levels left.
You knew the following spells:

 Your Spells              Type           Power      Damage    Failure   Level
o - Corona                Hex            10%        N/A       8%          1

Your spell library contained the following spells:

 Spells                   Type           Power      Damage    Failure   Level
 Slow                     Hex            9%         N/A       11%         2
 Inner Flame              Hex/Fire       4%         N/A       38%         3
 Portal Projectile        Hex/Tloc       8%         N/A       38%         3
 Cause Fear               Hex            4%         N/A       58%         4


Dungeon Overview and Level Annotations

Branches:
Dungeon (1/15)

Altars:


Innate Abilities, Weirdness & Mutations

You are amphibious.
You cover ground slowly.
You can hop short distances.
You have an extended range of vision and can be seen from far away.


Message History

You shoot an arrow. The arrow closely misses the jackal.
The jackal closely misses you. The jackal barely misses you.
Fire: 3 arrows
Aim: a jackal (50% to hit)
You shoot an arrow.
The arrow hits the jackal but does no damage.
The jackal completely misses you. The jackal barely misses you.
Fire: 2 arrows
Aim: a jackal (50% to hit)
You shoot an arrow.
The arrow hits the jackal but does no damage.
The jackal bites you.
Fire: arrow
Aim: a jackal (50% to hit)
You shoot an arrow. The arrow completely misses the jackal.
The jackal bites you.
* * * LOW HITPOINT WARNING * * *
The jackal bites you.
* * * LOW HITPOINT WARNING * * *
Unknown command.
Unknown command.
The jackal barely misses you.
You are now empty-handed.
You hit the jackal. The jackal misses you.
You hit the jackal.
The jackal bites you but does no damage.
The jackal closely misses you.
You barely miss the jackal.
The jackal bites you but does no damage.
You hit the jackal but do no damage. The jackal barely misses you.
The jackal bites you.
* * * LOW HITPOINT WARNING * * *
You hit the jackal but do no damage. The jackal closely misses you.
You hit the jackal. The jackal completely misses you.
You hit the jackal but do no damage.
The jackal bites you but does no damage.
The jackal bites you.
* * * LOW HITPOINT WARNING * * *
You miss the jackal. The jackal bites you.
You die...

.(.##.#.# #..#.#.#
# #.#.#.#.#
########...#.#.#.#
...........#......
###
######≈##..#.#.#.#
..§# #.≈
##(#.#.#.# ≈§.###
# #. #.h.#.#.#
.≈...#.# #.
##@.#.#.# .§≈≈.#.#
# #..#.#.#
.§.≈...# ##...#.#
≈§.≈≈≈§# #...#.#
§§..§≈§# #...#.#
.≈≈≈.≈.#.≈ ##..#.#
§....≈...≈
######†...#
.<.≈§§.≈≈≈
#.....#...#
§..≈...≈§.
#.###.#...#######


You could see a jackal.

Vanquished Creatures
  A goblin (D:1)
  5 jackals (D:1)
  2 frilled lizards (D:1)
8 creatures vanquished.

Notes
Turn   | Place    | Note
-------+----------+-------------------------------------------
     0 | D:1      | Goreval the Barachi Arcane Marksman began the quest for the
                  | Orb.
     0 | D:1      | Reached XP level 1. HP: 15/15 MP: 2/2
     0 | D:1      | Upgraded the game from 0.27.1-3-gb3d3a73c9e to
                  | 0.27.1-4-g1640c2035a
   350 | D:1      | Reached XP level 2. HP: 16/21 MP: 3/3
   375 | D:1      | HP: 1/22 [jackal (1)]
   376 | D:1      | Slain by a jackal

Illustrated notes

Levels and vault maps discovered:
D:1:      psy_arrival_radial02, layout_basic, minmay_misc_feat_more_columns

Action                   || total
-------------------------++-------
Melee: Unarmed           ||    16
 Fire: Shortbow          ||    22
 Cast: Corona            ||     1
Armor: Robe              ||    11
Dodge: Dodged            ||    26
